[Event "ICCopen2016"]
[Site "Internet Chess Club"]
[Date "2016.06.04"]
[Round "4"]
[White "klodshans"]
[Black "kingsac"]
[Result "0-1"]
[ICCResult "White resigns"]
[WhiteElo "1580"]
[BlackElo "1826"]
[Opening "Old Benoni defense"]
[ECO "A43"]
[NIC "OI.09"]
[Time "14:33:35"]
[TimeControl "180+0"]

1. d4 c5 2. Bf4 cxd4 3. Qxd4 Nc6 4. Qd1 e5 5. Bg3 d5 6. Nf3 e4 7. Nd4 Bc5 8.
c3 Qb6 9. Nxc6 bxc6 10. Qb3 Nf6 11. Nd2 Nh5 12. e3 Nxg3 13. hxg3 Rb8 14. Be2
Be6 15. Qxb6 Rxb6 16. Nb3 Bd6 17. O-O-O h6 18. c4 O-O 19. cxd5 cxd5 20. Rd2
Bb4 21. Rc2 Rfb8 22. Kb1 a5 23. a4 Ba3 24. Bb5 Be7 25. Rhc1 Bf6 26. Nc5 Kh7
27. Nxe6 fxe6 28. Rc6 Rxc6 29. Rxc6 Rd8 30. Rxe6 d4 31. exd4 Rxd4 32. Ra6
Rb4 33. Rxa5 Rxb2+ 34. Kc1 Rxf2 35. Bc6 e3 36. Bf3 e2 37. Kd2 Bc3+
{White resigns}
0-1

[Event "ICCopen2016"]
[Site "Internet Chess Club"]
[Date "2016.06.04"]
[Round "4"]
[White "MasterZachary"]
[Black "chessasuke91"]
[Result "0-1"]
[ICCResult "White resigns"]
[WhiteElo "2134"]
[BlackElo "2704"]
[Opening "Sicilian: Taimanov (Bastrikov) variation"]
[ECO "B47"]
[NIC "SI.40"]
[Time "14:33:06"]
[TimeControl "180+0"]

1. e4 c5 2. Nf3 e6 3. d4 cxd4 4. Nxd4 Nc6 5. Nc3 Qc7 6. g3 a6 7. Bg2 Nf6 8.
O-O Bc5 9. Be3 Nxd4 10. Bxd4 d6 11. Re1 Bxd4 12. Qxd4 e5 13. Qd2 Be6 14.
Rad1 Ke7 15. Nd5+ Bxd5 16. exd5 Rhe8 17. f4 Nd7 18. fxe5 Qb6+ 19. Kh1 Nxe5
20. c4 a5 21. Rc1 Kf8 22. Qc3 Qc5 23. b3 Rac8 24. Re4 Rc7 25. Rce1 Rce7 26.
Qc2 g6 27. Qd2 Kg7 28. Rh4 h5 29. Rxh5 gxh5 30. Qg5+ Ng6 31. Rf1 Qd4 32.
Qxh5 Re1 33. Qf5 Rxf1+ 34. Bxf1 Qe4+ {White resigns} 0-1

[Event "ICCopen2016"]
[Site "Internet Chess Club"]
[Date "2016.06.04"]
[Round "4"]
[White "Piranha"]
[Black "Antidrome"]
[Result "0-1"]
[ICCResult "White resigns"]
[WhiteElo "1739"]
[BlackElo "2609"]
[Opening "Sicilian: dragon, Yugoslav attack, 10.O-O-O"]
[ECO "B78"]
[NIC "SI.18"]
[Time "14:34:07"]
[TimeControl "180+0"]

1. e4 c5 2. Nf3 d6 3. d4 cxd4 4. Nxd4 Nf6 5. Nc3 g6 6. Be3 Bg7 7. f3 Nc6 8.
Qd2 O-O 9. Bc4 Bd7 10. O-O-O Rc8 11. Bb3 Nxd4 12. Bxd4 b5 13. h4 a5 14. a4
bxa4 15. Nxa4 Bxa4 16. Bxa4 Rc4 17. Bb3 Nxe4 18. Qe3 Rxd4 19. Rxd4 Ng3 20.
Rhd1 Nf5 21. Qe4 Nxd4 22. Rxd4 Bxd4 23. Qxd4 e6 {White resigns} 0-1

[Event "ICCopen2016"]
[Site "Internet Chess Club"]
[Date "2016.06.04"]
[Round "4"]
[White "hipopotamos"]
[Black "Optikk"]
[Result "0-1"]
[ICCResult "White checkmated"]
[WhiteElo "1071"]
[BlackElo "1555"]
[Opening "Alekhine's defense: Scandinavian variation"]
[ECO "B02"]
[NIC "AL.10"]
[Time "14:33:39"]
[TimeControl "180+0"]

1. e4 Nf6 2. Nc3 d5 3. exd5 Nxd5 4. Nxd5 Qxd5 5. Nf3 e5 6. b3 c5 7. Bc4 Qd6
8. O-O Nc6 9. d3 Be7 10. Be3 O-O 11. h3 Kh8 12. Qe2 f5 13. Bg5 Nd4 14. Bxe7
Nxe2+ 15. Kh1 Qxe7 16. Rfe1 Nd4 17. Rxe5 Qf6 18. Rxc5 Nxf3 19. gxf3 Qxa1+
20. Kg2 f4 21. Rg5 Bxh3+ 22. Kxh3 Qf1+ 23. Kg4 Qxf2 24. Kh5 g6+ 25. Kh6 Qh4+
26. Rh5 Qxh5# {White checkmated} 0-1

[Event "ICCopen2016"]
[Site "Internet Chess Club"]
[Date "2016.06.04"]
[Round "4"]
[White "Anarchy"]
[Black "Nedwis"]
[Result "1-0"]
[ICCResult "Black resigns"]
[WhiteElo "2834"]
[BlackElo "2920"]
[Opening "Queen's pawn: Torre attack"]
[ECO "A46"]
[NIC "QP.04"]
[Time "14:33:22"]
[TimeControl "180+0"]

1. d4 Nf6 2. Nf3 e6 3. Bg5 c5 4. e3 Nc6 5. c3 h6 6. Bh4 cxd4 7. exd4 Be7 8.
Nbd2 a6 9. Bd3 d6 10. O-O O-O 11. Re1 b5 12. a4 b4 13. c4 Bb7 14. b3 Qa5 15.
Rc1 Qh5 16. Bg3 Rac8 17. Bb1 Rfd8 18. h3 e5 19. dxe5 dxe5 20. Nxe5 Nxe5 21.
Rxe5 Qxd1+ 22. Rxd1 Bd6 23. Ree1 Bxg3 24. fxg3 Nh5 25. Kf2 g6 26. Be4 Bxe4
27. Nxe4 Kg7 28. Kf3 a5 29. Nd6 Rb8 30. Re7 Kg8 31. c5 Nf6 32. c6 Rbc8 33.
c7 Rd7 34. Rxd7 Nxd7 35. Nxc8 {Black resigns} 1-0

[Event "ICCopen2016"]
[Site "Internet Chess Club"]
[Date "2016.06.04"]
[Round "4"]
[White "Werewolf"]
[Black "toktok"]
[Result "1-0"]
[ICCResult "Black resigns"]
[WhiteElo "2190"]
[BlackElo "1710"]
[Opening "Sicilian defense"]
[ECO "B41"]
[NIC "SI.41"]
[Time "14:34:36"]
[TimeControl "180+0"]

1. e4 c5 2. Nf3 e6 3. d4 cxd4 4. Nxd4 Qb6 5. Nc3 Bc5 6. Be3 Nc6 7. Nxc6 Bxe3
8. fxe3 Qxe3+ 9. Qe2 Qxe2+ 10. Bxe2 bxc6 11. O-O-O d5 12. exd5 cxd5 13. Rhe1
Nf6 14. Bb5+ Ke7 15. Nxd5+ Nxd5 16. Rxd5 Rd8 17. Rh5 h6 18. Rh4 Bb7 19. Rg4
g5 20. h4 f6 21. hxg5 hxg5 22. Bc4 Bd5 23. Bd3 Rac8 24. b3 Kf7 25. Kb2 Rd6
26. Ra4 Rc7 27. g4 Bf3 28. Rf1 Bxg4 29. Rxg4 {Black resigns} 1-0

[Event "ICCopen2016"]
[Site "Internet Chess Club"]
[Date "2016.06.04"]
[Round "4"]
[White "Koval"]
[Black "Sebs"]
[Result "0-1"]
[ICCResult "White resigns"]
[WhiteElo "1888"]
[BlackElo "2986"]
[Opening "Trompowsky attack (Ruth, Opocenský opening)"]
[ECO "A45"]
[NIC "QP.07"]
[Time "14:34:07"]
[TimeControl "180+0"]

1. d4 Nf6 2. Bg5 Ne4 3. h4 c5 4. d5 Qb6 5. Nc3 Nxg5 6. hxg5 Qxb2 7. Rh3 d6
8. Rb1 Qa3 9. Rd3 a6 10. e4 Qa5 11. a4 g6 12. Qf3 Nd7 13. Qg3 Bg7 14. Kd1
Ne5 15. Re3 Bg4+ 16. Be2 Nc4 17. Bxg4 Nxe3+ 18. Qxe3 Bxc3 19. Rxb7 O-O 20.
Rxe7 Rab8 21. Ke2 Rb1 22. Nh3 Re1+ {White resigns} 0-1

[Event "ICCopen2016"]
[Site "Internet Chess Club"]
[Date "2016.06.04"]
[Round "4"]
[White "Barbos"]
[Black "chaozz"]
[Result "0-1"]
[ICCResult "White resigns"]
[WhiteElo "2565"]
[BlackElo "3072"]
[Opening "King's Indian: orthodox, 7...Nbd7"]
[ECO "E94"]
[NIC "KI.13"]
[Time "14:33:22"]
[TimeControl "180+0"]

1. d4 Nf6 2. c4 d6 3. Nc3 Nbd7 4. e4 e5 5. Nf3 g6 6. Be2 Bg7 7. O-O O-O 8.
Be3 c6 9. d5 c5 10. Qc2 h6 11. g3 Qe7 12. Bd3 Kh7 13. a3 Ne8 14. Nh4 Bf6 15.
Ng2 Ng7 16. f4 exf4 17. gxf4 Bxc3 18. Qxc3 f5 19. exf5 Nxf5 20. Rae1 Qf7 21.
Bxf5 gxf5 22. Bf2 Nf6 23. Qc2 Ne4 24. Kh1 Bd7 25. b3 Rae8 26. Be3 Rg8 27.
Rg1 Qh5 28. Bf2 Qf3 29. Ref1 Qh3 30. Be1 Rg6 31. Nh4 Rg4 32. Rxg4 Qxf1+ 33.
Rg1 Qxf4 34. Qg2 Ng5 35. Bd2 Qxh4 {White resigns} 0-1

[Event "ICCopen2016"]
[Site "Internet Chess Club"]
[Date "2016.06.04"]
[Round "4"]
[White "ncc-1701"]
[Black "Nostradamus"]
[Result "0-1"]
[ICCResult "White resigns"]
[WhiteElo "1957"]
[BlackElo "2419"]
[Opening "Queen's pawn: Lundin (Kevitz-Mikenas) defense"]
[ECO "A40"]
[NIC "QO.17"]
[Time "14:35:19"]
[TimeControl "180+0"]

1. d4 Nc6 2. d5 Ne5 3. c4 Ng6 4. Nc3 e5 5. e4 Nf6 6. Bd3 Bc5 7. Nge2 Ng4 8.
O-O Qh4 9. h3 Nxf2 10. Rxf2 Qxf2+ 11. Kh1 d6 12. Qg1 Qxg1+ 13. Nxg1 Bd7 14.
a3 a5 15. Nf3 O-O 16. Bd2 a4 17. Rf1 h6 18. Kh2 f5 19. exf5 Bxf5 20. Bxf5
Rxf5 21. Ne4 Bb6 22. g4 Rf7 {White resigns} 0-1

[Event "ICCopen2016"]
[Site "Internet Chess Club"]
[Date "2016.06.04"]
[Round "4"]
[White "SuperGMBobbyF"]
[Black "K4"]
[Result "1-0"]
[ICCResult "Black resigns"]
[WhiteElo "1215"]
[BlackElo "1308"]
[Opening "Scandinavian defense"]
[ECO "B01"]
[NIC "SD.03"]
[Time "14:33:20"]
[TimeControl "180+0"]

1. e4 d5 2. exd5 Nf6 3. Bb5+ c6 4. dxc6 Nxc6 5. Nc3 e5 6. d3 a6 7. Bxc6+
bxc6 8. Nf3 Bb4 9. Nxe5 O-O 10. O-O Bd6 11. Nf3 Bg4 12. Bg5 h6 13. Bxf6 Qxf6
14. Ne4 Qe5 15. Nxe5 Bxd1 16. Nxc6 Bxc2 17. Nxd6 Bxd3 18. Rfd1 Bg6 19. Ne7+
Kh7 20. Nxg6 Kxg6 21. Rd3 Rfd8 22. Rg3+ Kh7 23. Nf5 Rg8 24. Re1 Rac8 25. h3
Rc2 26. Re7 g6 27. Rxf7+ Kh8 28. Nxh6 Rgc8 29. Rxg6 {Black resigns} 1-0

[Event "ICCopen2016"]
[Site "Internet Chess Club"]
[Date "2016.06.04"]
[Round "4"]
[White "Eros"]
[Black "PauldeRome"]
[Result "1-0"]
[ICCResult "Black checkmated"]
[WhiteElo "2720"]
[BlackElo "1759"]
[Opening "King's Indian: Makagonov system (5.h3)"]
[ECO "E71"]
[NIC "KI.20"]
[Time "14:34:29"]
[TimeControl "180+0"]

1. d4 Nf6 2. c4 g6 3. Nc3 Bg7 4. e4 d6 5. h3 O-O 6. Nf3 e5 7. d5 a5 8. Bg5
h6 9. Be3 Na6 10. Nd2 Ne8 11. g4 b6 12. h4 f5 13. gxf5 gxf5 14. exf5 Bxf5
15. Nde4 Nc5 16. Ng3 Bh7 17. Nh5 e4 18. Rg1 Qxh4 19. Nxg7 Nxg7 20. Qd4 Rf7
21. O-O-O Qe7 22. Bxh6 Nd3+ 23. Bxd3 exd3 24. Rde1 Qd7 25. Rg5 Re8 26. Rxe8+
Qxe8 27. Rxg7+ Kf8 28. Rxf7+ Kxf7 29. Qg7# {Black checkmated} 1-0

[Event "ICCopen2016"]
[Site "Internet Chess Club"]
[Date "2016.06.04"]
[Round "4"]
[White "TitanRivas"]
[Black "atilycsy"]
[Result "1-0"]
[ICCResult "Black resigns"]
[WhiteElo "1857"]
[BlackElo "1588"]
[Opening "Petrov three knights game"]
[ECO "C42"]
[NIC "RG.01"]
[Time "14:33:36"]
[TimeControl "180+0"]

1. e4 e5 2. Nf3 Nf6 3. Nc3 Bb4 4. Bc4 O-O 5. d3 d5 6. exd5 Nxd5 7. Bd2 Bxc3
8. bxc3 Nc6 9. O-O Bg4 10. h3 Bh5 11. Re1 Qd6 12. Rb1 Na5 13. Bxd5 Qxd5 14.
c4 Bxf3 15. cxd5 Bxd1 16. Rbxd1 b6 17. Bxa5 bxa5 18. Rxe5 Rad8 19. c4 f6 20.
Re7 Rf7 21. Rde1 Rxe7 22. Rxe7 Rc8 23. g4 Kf8 24. Rd7 h6 25. Kg2 g6 26. Kf3
f5 27. gxf5 gxf5 28. Kf4 c6 29. d6 c5 30. Kxf5 Rc6 31. Ke6 Ke8 32. Rxa7 Rb6
33. Ra8+ {Black resigns} 1-0

[Event "ICCopen2016"]
[Site "Internet Chess Club"]
[Date "2016.06.04"]
[Round "4"]
[White "ramezsamir"]
[Black "Volkov"]
[Result "0-1"]
[ICCResult "White checkmated"]
[WhiteElo "2150"]
[BlackElo "2864"]
[Opening "French: MacCutcheon variation"]
[ECO "C12"]
[NIC "FR.05"]
[Time "14:33:19"]
[TimeControl "180+0"]

1. e4 e6 2. d4 d5 3. Nc3 Nf6 4. Bg5 Bb4 5. Ne2 dxe4 6. a3 Be7 7. Bxf6 Bxf6
8. Nxe4 Bd7 9. c3 Bc6 10. N2g3 Nd7 11. Bd3 Qe7 12. Qh5 O-O-O 13. O-O g6 14.
Qa5 Kb8 15. b4 Nb6 16. Nxf6 Qxf6 17. Be4 Bd5 18. Bxd5 exd5 19. Rfe1 h5 20.
Nf1 Nc4 21. Qa4 h4 22. h3 g5 23. Ne3 Nxe3 24. Rxe3 g4 25. Rae1 Qg6 26. Qd1
f5 27. Re6 Qg5 28. hxg4 fxg4 29. R6e5 Qg8 30. Qd3 g3 31. f3 h3 32. Qf5 hxg2
33. Kxg2 Rh2+ 34. Kg1 Qh8 35. Kf1 Rf2+ 36. Kg1 Qh2# {White checkmated} 0-1

[Event "ICCopen2016"]
[Site "Internet Chess Club"]
[Date "2016.06.04"]
[Round "4"]
[White "DeepHmmm"]
[Black "Badigo"]
[Result "0-1"]
[ICCResult "White resigns"]
[WhiteElo "1795"]
[BlackElo "2199"]
[Opening "Scandinavian (center counter) defense"]
[ECO "B01"]
[NIC "SD.01"]
[Time "14:33:57"]
[TimeControl "180+0"]

1. e4 d5 2. exd5 Qxd5 3. Nc3 Qa5 4. d4 Nf6 5. Bc4 Nc6 6. Ne2 Bg4 7. f3 Be6
8. Bxe6 fxe6 9. O-O O-O-O 10. Be3 e5 11. d5 e6 12. Bg5 exd5 13. Bxf6 gxf6
14. Ng3 Bb4 15. Qd3 Bxc3 16. bxc3 Kb8 17. Rab1 Qc5+ 18. Kh1 h5 19. Rfd1 h4
20. Nf5 h3 21. g3 b6 22. Rb5 Qf2 23. Qf1 Qxc2 24. Ne3 Qxc3 25. Rbxd5 Nd4 26.
Rxd8+ Rxd8 27. Nf5 Qc2 28. f4 Qe4+ 29. Kg1 Qxf5 {White resigns} 0-1

[Event "ICCopen2016"]
[Site "Internet Chess Club"]
[Date "2016.06.04"]
[Round "4"]
[White "Entoloma"]
[Black "panom"]
[Result "0-1"]
[ICCResult "White resigns"]
[WhiteElo "1998"]
[BlackElo "1662"]
[Opening "Queen's bishop game"]
[ECO "D02"]
[NIC "QP.06"]
[Time "14:33:45"]
[TimeControl "180+0"]

1. d4 Nf6 2. Nf3 d5 3. Bf4 c5 4. c3 Qb6 5. Qb3 c4 6. Qc2 Bf5 7. Qc1 Nc6 8.
Nbd2 e6 9. h3 Be7 10. g4 Bg6 11. Bg2 O-O 12. O-O Ne4 13. Re1 Nxd2 14. Qxd2
Rfd8 15. Bg3 Bd6 16. Bxd6 Rxd6 17. Nh4 Qd8 18. Nxg6 fxg6 19. e4 dxe4 20.
Bxe4 e5 21. Qe2 exd4 22. Qxc4+ Kh8 23. Rad1 dxc3 24. Rxd6 Qxd6 25. Qxc3 h6
26. Qd3 Qxd3 27. Bxd3 g5 28. Re2 Kg8 29. Bc4+ Kf8 30. Re3 Nd4 31. Bd5 Rb8
32. Rd3 Ne2+ 33. Kh2 Nf4 34. Kg3 Nxd3 {White resigns} 0-1

[Event "ICCopen2016"]
[Site "Internet Chess Club"]
[Date "2016.06.04"]
[Round "4"]
[White "livis"]
[Black "awesome5123"]
[Result "1-0"]
[ICCResult "Black checkmated"]
[WhiteElo "1944"]
[BlackElo "1644"]
[Opening "Sicilian: Smith-Morra gambit"]
[ECO "B21"]
[NIC "SI.48"]
[Time "14:33:38"]
[TimeControl "180+0"]

1. e4 c5 2. d4 cxd4 3. Bd3 Nc6 4. f4 d6 5. Nf3 e5 6. a3 Nf6 7. O-O a6 8. Qe2
Be7 9. f5 Qc7 10. Nbd2 Bd7 11. b4 O-O-O 12. b5 axb5 13. Bxb5 Qb6 14. Bd3 g6
15. Nc4 Qa7 16. fxg6 hxg6 17. Bd2 Bg4 18. Rfb1 Kc7 19. h3 Bxf3 20. Qxf3 Rb8
21. a4 Nd7 22. Qxf7 Rhf8 23. Qe6 Nc5 24. Qg4 Nxd3 25. cxd3 Rf6 26. Nb6 Rd8
27. Nd5+ Kb8 28. Nxf6 Bxf6 29. Bg5 Bxg5 30. Qxg5 Qa6 31. Rb5 Rc8 32. Rab1
Rc7 33. Qxg6 Ka7 34. Qxd6 Re7 35. Qc5+ Ka8 36. Rb6 Qa5 37. Rxc6 Qd2 38. Rc8#
{Black checkmated}
1-0

[Event "ICCopen2016"]
[Site "Internet Chess Club"]
[Date "2016.06.04"]
[Round "4"]
[White "Dlugy"]
[Black "maly"]
[Result "1-0"]
[ICCResult "Black checkmated"]
[WhiteElo "2911"]
[BlackElo "2453"]
[Opening "Queen's pawn, Mason variation"]
[ECO "D00"]
[NIC "QP.08"]
[Time "14:33:38"]
[TimeControl "180+0"]

1. d4 d5 2. Bf4 Nf6 3. e3 e6 4. Nd2 c5 5. c3 Nc6 6. Ngf3 Bd6 7. Bg3 O-O 8.
Bd3 Qe7 9. Ne5 Nd7 10. Nxd7 Bxd7 11. Bxd6 Qxd6 12. dxc5 Qxc5 13. Bxh7+ Kxh7
14. Qh5+ Kg8 15. Ne4 Qb6 16. Ng5 Rfd8 17. Qxf7+ Kh8 18. Qh5+ Kg8 19. O-O
Rac8 20. e4 Qb5 21. exd5 exd5 22. Rae1 Qd3 23. Re3 Qf5 24. Rf3 Be8 25. Qh4
Qg6 26. Qh8+ Kxh8 27. Rf8# {Black checkmated} 1-0

[Event "ICCopen2016"]
[Site "Internet Chess Club"]
[Date "2016.06.04"]
[Round "4"]
[White "supermouse"]
[Black "Alright2015"]
[Result "1-0"]
[ICCResult "Black resigns"]
[WhiteElo "2678"]
[BlackElo "2102"]
[Opening "Queen's pawn game"]
[ECO "A46"]
[NIC "QP.06"]
[Time "14:33:26"]
[TimeControl "180+0"]

1. d4 Nf6 2. Nf3 c5 3. e3 e6 4. Bd3 b6 5. O-O Bb7 6. c4 g6 7. Nc3 Bg7 8. d5
exd5 9. cxd5 O-O 10. e4 d6 11. h3 Re8 12. a4 Nbd7 13. Bf4 Nf8 14. Re1 a6 15.
Qb3 Rc8 16. Nd2 Nh5 17. Bh2 Rb8 18. Nc4 b5 19. axb5 axb5 20. Nxb5 Qg5 21.
Bxd6 Nf4 22. Bf1 Bc8 23. h4 Rxb5 24. Qxb5 Nh3+ 25. Kh2 Qxh4 26. gxh3 Qxf2+
27. Bg2 Re5 28. Nxe5 Bxh3 29. Kxh3 Bf6 30. Nf3 g5 31. Qe2 g4+ 32. Kxg4 h5+
33. Kxh5 {Black resigns} 1-0

[Event "ICCopen2016"]
[Site "Internet Chess Club"]
[Date "2016.06.04"]
[Round "4"]
[White "Danya"]
[Black "INDIAN-ELEPHANT"]
[Result "1-0"]
[ICCResult "Black resigns"]
[WhiteElo "3046"]
[BlackElo "2811"]
[Opening "English opening"]
[ECO "A16"]
[NIC "EO.64"]
[Time "14:34:30"]
[TimeControl "180+0"]

1. c4 Nf6 2. Nc3 g6 3. g3 Bg7 4. Bg2 O-O 5. Nf3 e6 6. d4 d5 7. O-O c6 8. b3
Nbd7 9. Bb2 b6 10. Nd2 Ba6 11. Qc2 Rc8 12. e4 dxc4 13. Nxc4 Bxc4 14. bxc4 e5
15. dxe5 Nxe5 16. Rad1 Qe7 17. Ne2 c5 18. f4 Nc6 19. e5 Ng4 20. Qe4 f5 21.
Qf3 Nb4 22. h3 Nh6 23. a3 Nc6 24. Rd6 Na5 25. Qd5+ Kh8 26. Rd7 Qe8 27. Rxg7
Kxg7 28. e6+ Kg8 29. Qe5 {Black resigns} 1-0

[Event "ICCopen2016"]
[Site "Internet Chess Club"]
[Date "2016.06.04"]
[Round "4"]
[White "gajardo"]
[Black "gsvc"]
[Result "0-1"]
[ICCResult "White resigns"]
[WhiteElo "2146"]
[BlackElo "2838"]
[Opening "Queen's pawn: London system"]
[ECO "A45"]
[NIC "QP.07"]
[Time "14:34:06"]
[TimeControl "180+0"]

1. d4 Nf6 2. Bf4 d5 3. e3 c5 4. c3 Nc6 5. Nd2 cxd4 6. exd4 Bf5 7. Ngf3 e6 8.
Qb3 Qc8 9. h3 h6 10. Bb5 Be7 11. Ne5 O-O 12. O-O Nd7 13. Nxd7 Qxd7 14. Nf3
Bd6 15. Ne5 Qc7 16. Bxc6 bxc6 17. Be3 f6 18. Nf3 Rab8 19. Qa4 Rxb2 20. c4
Rb4 21. Qa6 Rxc4 22. Rfc1 Bd3 23. Rxc4 Bxc4 24. Qa4 Rb8 25. Nd2 Bb5 26. Qc2
e5 27. a4 Ba6 28. Rc1 exd4 29. Bxd4 Rc8 30. Nb3 Bc4 31. Nc5 Bxc5 32. Bxc5
Re8 33. Qc3 a6 34. a5 Qd7 35. Qg3 Qf5 36. Bd4 Bb5 37. Qc3 Re4 38. Qc5 h5 39.
Qa7 Qf4 40. Qc5 Rxd4 {White resigns} 0-1

[Event "ICCopen2016"]
[Site "Internet Chess Club"]
[Date "2016.06.04"]
[Round "4"]
[White "bythebook"]
[Black "psychopat2016"]
[Result "1-0"]
[ICCResult "Black forfeits on time"]
[WhiteElo "1768"]
[BlackElo "1328"]
[Opening "Sicilian: Nimzovich-Rossolimo attack (without ...d6)"]
[ECO "B30"]
[NIC "SI.31"]
[Time "14:33:09"]
[TimeControl "180+0"]

1. e4 c5 2. Nf3 Nc6 3. Bb5 d6 4. c3 e5 5. O-O Nf6 6. d4 cxd4 7. cxd4 exd4 8.
Nxd4 Bd7 9. Nc3 Nxd4 10. Qxd4 Bxb5 11. Nxb5 Be7 12. Bg5 O-O 13. Rad1 h6 14.
Bh4 g5 15. Bg3 h5 16. Bxd6 Nh7 17. e5 Bxd6 18. exd6 Qd7 19. Nc7 Rac8 20.
Rfe1 Rfd8 21. h3 Qf5 22. Nd5 Rc7 23. Ne7+ Rxe7 24. dxe7 Rxd4 25. e8=Q+ Kg7
26. Rxd4 Nf6 27. Qe5 Qc2 28. Rd6 {Black forfeits on time} 1-0

[Event "ICCopen2016"]
[Site "Internet Chess Club"]
[Date "2016.06.04"]
[Round "4"]
[White "totus"]
[Black "takes-takes"]
[Result "1-0"]
[ICCResult "Black checkmated"]
[WhiteElo "2353"]
[BlackElo "815"]
[Opening "Philidor: exchange variation"]
[ECO "C41"]
[NIC "KP.08"]
[Time "14:33:37"]
[TimeControl "180+0"]

1. e4 e5 2. Nf3 d6 3. d4 exd4 4. Nxd4 Be7 5. Nc3 Nf6 6. Bf4 Nc6 7. Qd2 O-O
8. O-O-O Nxd4 9. Qxd4 Be6 10. f3 Nh5 11. Be3 Bf6 12. Qd2 g6 13. g4 Ng7 14.
h4 c5 15. h5 g5 16. h6 Ne8 17. Kb1 b5 18. Nd5 Bxd5 19. Qxd5 Nc7 20. Qxd6
Qxd6 21. Rxd6 Ne6 22. Bxb5 Rab8 23. a4 Rfd8 24. Rhd1 Rxd6 25. Rxd6 Be5 26.
Ra6 Nd4 27. Rxa7 Nxb5 28. axb5 Bd4 29. Bxg5 f6 30. Bc1 Rxb5 31. Rg7+ Kf8 32.
Rxh7 c4 33. Rd7 c3 34. Rxd4 cxb2 35. Bxb2 Kg8 36. Rd7 Rb6 37. g5 Kh8 38. g6
Kg8 39. Rd8# {Black checkmated} 1-0

[Event "ICCopen2016"]
[Site "Internet Chess Club"]
[Date "2016.06.04"]
[Round "4"]
[White "florish"]
[Black "HouseOfFun"]
[Result "0-1"]
[ICCResult "White forfeits on time"]
[WhiteElo "1911"]
[BlackElo "2380"]
[Opening "Queen's pawn game"]
[ECO "D02"]
[NIC "QP.08"]
[Time "14:33:09"]
[TimeControl "180+0"]

1. d4 d5 2. Nf3 Bf5 3. c4 e6 4. Nc3 Nc6 5. cxd5 exd5 6. Qb3 Nb4 7. e4 dxe4
8. Bg5 Be7 9. Ne5 Be6 10. Qxb4 Bxb4 11. Bxd8 Rxd8 12. O-O-O Nf6 13. a3 Ba5
14. Bc4 Bxc4 15. Nxc4 Bb6 16. Nxb6 axb6 17. Rhe1 O-O 18. Nxe4 Nd5 19. g3
Rfe8 20. Nc3 Nf6 21. Rxe8+ Rxe8 22. d5 Rd8 23. Kc2 Kf8 24. b4 Ng4 25. Ne4
Nxh2 26. Rh1 Ng4 27. Rxh7 Kg8 28. Rh4 Ne5 29. Nc3 g6 30. Re4 f6 31. f4 Nd7
32. Re7 Kf8 33. Rh7 f5 34. Kb3 Nf6 35. Rh8+ Ke7 36. Rxd8 Kxd8 37. Kc4 Kd7
38. Kd4 c6 39. dxc6+ bxc6 40. a4 Kd6 41. a5 bxa5 42. bxa5 Nd7 43. Na4 Nf8
44. Nc5 Nh7 45. a6 Kc7 46. Ke5 Kb6 47. Kd6 Nf6 {White forfeits on time} 0-1

[Event "ICCopen2016"]
[Site "Internet Chess Club"]
[Date "2016.06.04"]
[Round "4"]
[White "anitak"]
[Black "Commando"]
[Result "1-0"]
[ICCResult "Black resigns"]
[WhiteElo "2115"]
[BlackElo "2643"]
[Opening "English opening"]
[ECO "A16"]
[NIC "EO.64"]
[Time "14:33:27"]
[TimeControl "180+0"]

1. c4 Nf6 2. Nc3 g6 3. g3 Bg7 4. Bg2 d6 5. e3 O-O 6. Nge2 e5 7. Rb1 Re8 8.
d3 h5 9. h4 Nc6 10. b4 Bg4 11. b5 Nd4 12. exd4 exd4 13. Ne4 d5 14. cxd5 Bxe2
15. Qxe2 Nxd5 16. O-O f5 17. Qc2 fxe4 18. dxe4 Nc3 19. Rb3 Rc8 20. Qd3 c5
21. bxc6 Rxc6 22. Bg5 Qd7 23. Kh2 b6 24. Rc1 Qf7 25. f4 Rc5 26. e5 Ne4 27.
Qxe4 Rxc1 28. Qxd4 Kh7 29. f5 Qxf5 30. Bxc1 Bxe5 31. Qd5 Qf2 32. Qd7+ Bg7
33. Qxe8 {Black resigns} 1-0

[Event "ICCopen2016"]
[Site "Internet Chess Club"]
[Date "2016.06.04"]
[Round "4"]
[White "SPARNALIQ"]
[Black "El-Kaiser"]
[Result "1-0"]
[ICCResult "Black resigns"]
[WhiteElo "2866"]
[BlackElo "2421"]
[Opening "QGA: classical, Rubinstein variation"]
[ECO "D27"]
[NIC "QG.07"]
[Time "14:33:22"]
[TimeControl "180+0"]

1. d4 d5 2. Nf3 Nf6 3. c4 dxc4 4. e3 e6 5. Bxc4 c5 6. O-O a6 7. a4 Nc6 8.
Qe2 Qc7 9. Nc3 Bd6 10. dxc5 Bxc5 11. e4 Nd4 12. Nxd4 Bxd4 13. Bg5 O-O 14.
Rad1 Be5 15. f4 Bxc3 16. bxc3 b5 17. Bxf6 gxf6 18. Rf3 Bb7 19. Bd3 Kh8 20.
Rdf1 Qxc3 21. Rh3 Qd4+ 22. Kh1 Rg8 23. Bb1 bxa4 24. Rd1 Qb6 25. Rh6 Rg6 26.
Rh5 Rag8 27. Rg1 Rxg2 28. Rxh7+ Kxh7 29. Qh5+ Kg7 30. Rxg2+ Kf8 31. Qh6+ Ke7
32. Rxg8 Qxb1+ 33. Kg2 Qxe4+ 34. Kh3 Qf5+ 35. Kg3 Qd3+ 36. Kh4 a3 37. Qf8+
Kd7 38. Qd8+ {Black resigns} 1-0

[Event "ICCopen2016"]
[Site "Internet Chess Club"]
[Date "2016.06.04"]
[Round "4"]
[White "Bochkarev"]
[Black "B-Amin"]
[Result "0-1"]
[ICCResult "White resigns"]
[WhiteElo "2790"]
[BlackElo "2945"]
[Opening "Dutch: Ilyin-Genevsky variation"]
[ECO "A97"]
[NIC "HD.01"]
[Time "14:33:56"]
[TimeControl "180+0"]

1. d4 e6 2. c4 f5 3. g3 Nf6 4. Bg2 Be7 5. Nf3 O-O 6. O-O d6 7. Nc3 Qe8 8. b4
Nc6 9. b5 Nd8 10. a4 Qh5 11. Bb2 Nf7 12. e3 e5 13. Rc1 e4 14. Nd2 Qh6 15. c5
d5 16. c6 b6 17. Qe2 Be6 18. f3 exf3 19. Nxf3 Rae8 20. Nh4 Ng4 21. Rce1 Bxh4
22. gxh4 Qxh4 23. Bxd5 Ng5 24. Bxe6+ Rxe6 25. Nd5 Nh3+ 26. Kg2 Rg6 27. Ne7+
Qxe7 28. Kxh3 Qg5 {White resigns} 0-1

[Event "ICCopen2016"]
[Site "Internet Chess Club"]
[Date "2016.06.04"]
[Round "4"]
[White "EirikG"]
[Black "YoureFired"]
[Result "1-0"]
[ICCResult "Black resigns"]
[WhiteElo "2518"]
[BlackElo "1841"]
[Opening "Dutch defense"]
[ECO "A40"]
[NIC "QO.17"]
[Time "14:33:14"]
[TimeControl "180+0"]

1. d4 e6 2. c4 f5 3. Nf3 Nf6 4. g3 c6 5. Bg2 d5 6. O-O Ne4 7. Nc3 Bd6 8. Qc2
O-O 9. Rb1 a5 10. a3 Nd7 11. b4 axb4 12. axb4 Nxc3 13. Qxc3 b5 14. cxb5 cxb5
15. Qc6 Nb6 16. Bg5 Qc7 17. Qxc7 Bxc7 18. Be7 Re8 19. Bc5 Nc4 20. Ra1 Bd7
21. Rfc1 Ra4 22. Ne1 Rea8 23. Rab1 Nd2 24. Rb2 Nc4 25. Rbc2 Ra2 26. Nd3 Be8
27. Bf1 Bg6 28. e3 Ra1 29. Kg2 Rxc1 30. Rxc1 Ra2 31. Kg1 Nd2 32. Nf4 Bf7 33.
Bxb5 Ne4 34. Nd3 Nd2 35. Bc6 Bh5 36. b5 Nf3+ 37. Kg2 Ng5 38. b6 Bf3+ 39. Kf1
Be2+ 40. Kg1 Bb8 41. Nf4 Nf3+ 42. Kg2 {Black resigns} 1-0